 Dungeon Crawl Stone Soup version 0.25-a0-857-g60a0bcd (webtiles) character file.

Game seed: 5421964758683136505, levelgen mode: deterministic

10555 Illumine the Cleaver (level 11, 0/97 HPs)
             Began as a Minotaur Fighter on Apr 26, 2020.
             Was a Believer of Makhleb.
             Slain by a wraith (3 damage)
             ... on level 10 of the Dungeon.
             The game lasted 00:10:47 (8494 turns).

Illumine the Cleaver (Minotaur Fighter)             Turns: 8494, Time: 00:10:48

Health: 0/97       AC: 15    Str: 24    XL:     11   Next: 37%
Magic:  12/12      EV:  9    Int:  5    God:    Makhleb [**....]
Gold:   352        SH: 12    Dex: 10    Spells: 10/10 levels left

rFire    . . .     SeeInvis +   C - +2 war axe (flame)
rCold    . . .     Gourm    .   c - +0 kite shield
rNeg     . . .     Faith    .   G - +0 plate armour
rPois    .         Spirit   .   (helmet restricted)
rElec    .         Reflect  .   (no cloak)
rCorr    .         Harm     .   s - +0 pair of gloves
MR       .....                  (no boots)
Stlth    ..........             e - amulet of the acrobat
HPRegen  0.26/turn              w - ring of see invisible
MPRegen  0.13/turn              (no ring)

@: slowed, very slow
A: retaliatory headbutt, horns 2
a: Minor Destruction, Renounce Religion


You were on level 10 of the Dungeon.
You worshipped Makhleb.
Makhleb was pleased with you.
You were hungry.

You visited 2 branches of the dungeon, and saw 11 of its levels.

You collected 462 gold pieces.
You spent 110 gold pieces at shops.

Inventory:

Hand Weapons
 C - a +2 war axe of flaming (weapon)
Armour
 c - a +0 kite shield (worn)
 s - a +0 pair of gloves (worn)
 G - a +0 plate armour (worn)
Jewellery
 a - an uncursed amulet of magic regeneration
 e - an amulet of the acrobat (around neck)
 w - a ring of see invisible (left hand)
 B - an uncursed amulet of the gourmand
 F - an uncursed ring of poison resistance {unknown}
 H - an uncursed ring of flight {unknown}
 J - an uncursed ring of protection from magic {unknown}
Wands
 b - a wand of iceblast (9)
 g - a wand of disintegration (11)
 y - a wand of paralysis (9)
Scrolls
 d - a scroll of brand weapon {unknown}
 j - 4 scrolls of fog
 k - 8 scrolls of teleportation
 l - 4 scrolls of blinking
 m - 4 scrolls of remove curse
 n - 2 scrolls of immolation
 o - 2 scrolls of enchant weapon {unknown}
 x - a scroll of summoning {unknown}
 A - 3 scrolls of enchant armour {unknown}
 D - a scroll of torment {unknown}
Potions
 h - a potion of haste
 i - a potion of magic
 p - 3 potions of heal wounds
 q - a potion of berserk rage
 r - 2 potions of flight
 t - a potion of stabbing
 u - a potion of brilliance
 v - 2 potions of degeneration {unknown}
 z - 2 potions of resistance
 E - a potion of ambrosia {unknown}
 I - a potion of might
Comestibles
 f - 21 rations


   Skills:
 + Level 9.5 Fighting
 + Level 11.5 Axes
 + Level 9.7 Armour
 + Level 8.0 Dodging
 + Level 9.5 Shields
 + Level 3.9 Invocations


You had 10 spell levels left.
You didn't know any spells.
Your spell library contained the following spells:

 Spells                   Type           Power        Failure   Level  Hunger
 Corona                   Hex            #......      100%        1    ##.....
 Ensorcelled Hibernation  Hex/Ice        #.....       100%        2    ###....
 Confusing Touch          Hex            #.......     100%        3    ####...
 Dazzling Flash           Conj/Hex       #.....       100%        3    ####...
 Tukima's Dance           Hex            #.......     100%        3    ####...


Dungeon Overview and Level Annotations

Branches:
Dungeon (10/15)            Temple (1/1) D:7
   Lair: D:8-11         Orc: D:9-12

Altars:
Ashenzari
Cheibriados
Dithmenos
Elyvilon
Fedhas
Hepliaklqana
Kikubaaqudgha
Makhleb
Nemelex Xobeh
Okawaru
Qazlal
Ru
Sif Muna
Trog
Uskayaw
Vehumet
Xom
Yredelemnul
Zin
The Shining One

Shops:
D:4 !   D:6 :*

Annotations:
D:4 2 transporters, vykuza's ghost, amateur MiMo
D:7 5 runed translucent doors


Innate Abilities, Weirdness & Mutations

You reflexively headbutt those who attack you in melee.
You have a pair of horns on your head.


Message History

You kill the sky beast!
Makhleb accepts your kill.
You feel better.
Your plate armour prevents you from hitting the wraith.
The deep elf knight hits you with a +0 short sword.
* * * LOW HITPOINT WARNING * * *
The wraith hits you but does no damage.
The deep elf knight hits you with a +0 short sword!
* * * LOW HITPOINT WARNING * * *
You slash the deep elf knight! You burn the deep elf knight.
You kill the deep elf knight!
Makhleb accepts your kill.
Your Dodging skill increases to level 8!
You barely miss the wraith. The wraith barely misses you.
You block the wraith's attack.
Unknown command.
You hit the wraith but do no damage.
The wraith is moderately damaged.
The wraith hits you.
You die...

..####...##
....#.....##
...........###
.#!.# ............
.[.. .........#
...## ##.....###
..<. #.#......).##
..#
#..../..@)<†###..#
######...W#......#
#...###.....#
#...# #.....#
#.#............
#.#..##..h..##.#
#.........h.# ..
#..###...#..# .
###..#..


You could see a wraith.

Vanquished Creatures
  Harold (D:8)
  A two-headed ogre (D:5)
  2 deep elf knights (D:10)
  Maurice (D:8)
  A gargoyle (D:8)
  A hornet (D:7)
  A troll (D:10)
  3 hippogriffs
  4 hogs (D:7)
  A human (D:7)
  A soldier ant (D:9)
  3 sky beasts
  An eye of draining (D:9)
  5 ice beasts
  A phantom (D:7)
  8 orc warriors
  3 centaurs (D:8)
  6 ogres
  A big kobold (D:8)
  3 bullfrogs
  2 gnoll sergeants (D:6)
  A wyvern skeleton (D:8)
  3 scorpions
  8 killer bees
  8 wights
  3 howler monkeys
  2 crimson imps
  A lava snake (D:7)
  A bullfrog zombie (D:7)
  2 centaur zombies
  5 hounds
  A jelly (D:5)
  10 orc priests
  13 orc wizards
  2 centaur skeletons
  3 iguanas
  10 worker ants
  A hound skeleton (D:9)
  A worker ant zombie (D:7)
  20 gnolls
  6 adders
  3 shadow imps
  2 oozes
  An adder zombie (D:5)
  3 dart slugs
  3 leopard geckos
  53 orcs
  2 ball pythons
  4 giant cockroaches
  4 goblins
  5 hobgoblins
  23 jackals
  6 quokkas
  8 bats
  9 frilled lizards
  A giant cockroach zombie (D:5)
  12 kobolds
  3 quokka skeletons
  6 rats
299 creatures vanquished.

Vanquished Creatures (others)
  An ice beast (D:8)
  A plant (D:5)
2 creatures vanquished.

Grand Total: 301 creatures vanquished

Notes
Turn   | Place    | Note
-------+----------+-------------------------------------------
     0 | D:1      | Illumine the Minotaur Fighter began the quest for the Orb.
     0 | D:1      | Reached XP level 1. HP: 19/19 MP: 0/0
   143 | D:1      | Reached XP level 2. HP: 27/27 MP: 1/1
   293 | D:1      | Reached skill level 3 in Axes
   869 | D:2      | Reached skill level 1 in Dodging
   916 | D:2      | Reached XP level 3. HP: 33/33 MP: 2/2
  1477 | D:3      | Reached XP level 4. HP: 35/40 MP: 3/3
  1615 | D:3      | Found a sparkling altar of Nemelex Xobeh.
  1687 | D:3      | Reached skill level 4 in Axes
  1950 | D:3      | Found a snail-covered altar of Cheibriados.
  1958 | D:3      | Reached XP level 5. HP: 46/46 MP: 4/4
  1960 | D:3      | Found a white marble altar of Elyvilon.
  1963 | D:3      | Found a basalt altar of Yredelemnul.
  2030 | D:3      | Found an iron altar of Okawaru.
  2255 | D:4      | Noticed an ogre
  2260 | D:4      | Killed an ogre
  2323 | D:4      | HP: 1/47 [scorpion (7)]
  2326 | D:4      | Reached XP level 6. HP: 13/53 MP: 5/5
  2798 | D:4      | Found a transporter.
  2801 | D:4      | Noticed vykuza's ghost (amateur MiMo)
  2804 | D:4      | Found a transporter.
  2818 | D:4      | Reached skill level 5 in Axes
  2844 | D:4      | Found Toppaoto's Distillery.
  2869 | D:4      | Bought a potion of heal wounds for 55 gold pieces
  2869 | D:4      | Bought a potion of heal wounds for 55 gold pieces
  3192 | D:5      | Entered Level 5 of the Dungeon
  3240 | D:5      | Reached skill level 5 in Armour
  3240 | D:5      | Reached skill level 5 in Shields
  3246 | D:5      | Reached skill level 5 in Fighting
  3333 | D:5      | Found a sparkling altar of Nemelex Xobeh.
  3402 | D:5      | Reached XP level 7. HP: 61/61 MP: 6/6
  3520 | D:5      | Reached skill level 6 in Axes
  3596 | D:5      | Noticed a two-headed ogre
  3608 | D:5      | Killed a two-headed ogre
  3608 | D:5      | Reached skill level 7 in Axes
  3608 | D:5      | Reached XP level 8. HP: 7/70 MP: 7/7
  3940 | D:5      | Noticed a hippogriff
  3948 | D:5      | Killed a hippogriff
  4110 | D:6      | Reached skill level 8 in Axes
  4350 | D:6      | Found a bloodstained altar of Trog.
  4368 | D:6      | Found Xyaz's Lightly-Used Armoury.
  4523 | D:6      | Found Suts's Book Shoppe.
  4648 | D:6      | Reached XP level 9. HP: 78/78 MP: 8/8
  4684 | D:6      | Reached skill level 5 in Dodging
  5069 | D:6      | Reached skill level 9 in Axes
  5172 | D:7      | Found the +9 staff of Olgreb {rPois∞}
  5175 | D:7      | Found a runed translucent door.
  5193 | D:7      | You fall into a shaft and drop 3 floors!
  5193 | D:10     | Entered Level 10 of the Dungeon
  5193 | D:10     | Noticed a troll
  5194 | D:10     | Noticed a deep elf knight
  5197 | D:10     | Noticed a deep elf knight
  5779 | D:8      | Noticed a gargoyle
  5843 | D:9      | Reached skill level 10 in Axes
  5893 | D:8      | Reached XP level 10. HP: 29/88 MP: 9/9
  6328 | D:7      | Found a staircase to the Ecumenical Temple.
  6344 | Temple   | Entered the Ecumenical Temple
  6405 | Temple   | Became a worshipper of Makhleb the Destroyer
  6618 | D:7      | Found a runed translucent gate.
  6620 | D:7      | Found a runed translucent gate.
  6620 | D:7      | Found a runed translucent gate.
  6772 | D:7      | Found a bloodstained altar of Trog.
  7075 | D:7      | Reached skill level 1 in Invocations
  7089 | D:7      | Reached * piety under Makhleb
  7347 | D:7      | Found a runed translucent door.
  7404 | D:8      | Reached skill level 11 in Axes
  7678 | D:8      | Noticed Maurice
  7704 | D:8      | Killed Maurice
  7704 | D:8      | Reached ** piety under Makhleb
  7794 | D:8      | Found a hazy altar of Hepliaklqana.
  7827 | D:8      | Killed a gargoyle
  7834 | D:8      | Noticed Harold
  7836 | D:8      | Paralysed by Harold for 7 turns
  7847 | D:8      | Killed Harold
  7847 | D:8      | Reached XP level 11. HP: 48/97 MP: 12/12
  8480 | D:10     | Killed a deep elf knight
  8492 | D:10     | HP: 2/97 [deep elf knight/+0 short sword (9)]
  8493 | D:10     | Killed a deep elf knight
  8494 | D:10     | Slain by a wraith

Levels and vault maps discovered:
D:1:      dpeg_arrival_signposts, layout_basic, minmay_tromino_v4_b
D:2:      layout_loops_ring
D:3:      layout_loops_ring, minitemple, lemuel_doored_altar,
          nemelex_diamond_rough_becter
D:4:      layout_loops_cross, serial_shops, shop, gammafunk_ghost_arena,
          first_ration
D:5:      layout_basic, serial_bayou_lagoon_a, nemelex_xobeh_ov_fountains_minmay
D:6:      layout_cave_pods, serial_gnoll_camp, gnoll_camp_mini_hut,
          gnoll_camp_mini_shop, gnoll_camp_mini_sergeant,
          gnoll_camp_mini_loothouse, gnoll_camp_mini_doghouse,
          minmay_shop_damaged, trog_three_pillars_becter
D:7:      layout_basic, kennysheep_little_box,
          minmay_temple_entry_drinking_statues, minivault_14, grunt_livestock,
          chequers_arboretum, kennysheep_pointless_box,
          chequers_serial_rivers_small_a, minmay_guarded_unrand_staff_of_olgreb
D:8:      layout_cave_pools, overflow_temple_1_default, uniq_harold,
          uniq_maurice
D:9:      layout_gridville
D:10:     minmay_bloctagon_deflated, layout_rooms, lair_entry_dummy,
          david_orc_4, serial_curves, eino_curves_01, eino_curves_04,
          eino_curves_03, sword_in_stone
Temple:   kb_temple_of_zot

Skill      XL: |  1  2  3  4  5  6  7  8  9 10 11 |
---------------+----------------------------------+-----
Axes           | 3 4 5 7 8 10 11 | 11.5
Dodging        | 1 2 3 4 6 7 8 |  8.0
Armour         | 4 5 6 8 9 |  9.7
Shields        | 4 5 6 7 9 |  9.5
Fighting       | 4 5 6 7 9 |  9.5
Invocations    | 3 |  3.9

Action                   |  1- 3 |  4- 6 |  7- 9 | 10-12 || total
-------------------------+-------+-------+-------+-------++-------
Melee: War axe           |    76 |   130 |   257 |   280 ||   743
       Headbutt          |    10 |    20 |    59 |    56 ||   145
  Use: Potion            |       |     3 |     1 |     2 ||     6
       Scroll            |       |     3 |     8 |     4 ||    15
  Eat: Ration            |     1 |       |       |       ||     1
       Chunk             |       |     4 |     8 |     9 ||    21
Armor: Scale mail        |    36 |    54 |    75 |    21 ||   186
       Plate armour      |       |       |       |    69 ||    69
Dodge: Dodged            |    33 |    55 |   113 |   107 ||   308
Block: Kite shield       |    44 |    66 |   149 |   166 ||   425

Table legend:
 A = Non-vault XP
 B = Vault XP
 C = Vault XP percentage of total XP
 D = Non-vault monster count
 E = Vault monster count
 F = Vault count percentage of total count
                 A         B        C        D         E       F
            +---------+---------+-------+---------+---------+-------
      Total |   10604 |    4475 |  29.7 |     272 |      28 |   9.3
            +---------+---------+-------+---------+---------+-------
        D:1 |      34 |       3 |   8.1 |      18 |       2 |  10.0
        D:2 |      27 |       0 |   0.0 |      15 |       0 |   0.0
        D:3 |     133 |       0 |   0.0 |      27 |       0 |   0.0
        D:4 |     322 |       0 |   0.0 |      18 |       0 |   0.0
        D:5 |    1634 |       0 |   0.0 |      26 |       0 |   0.0
        D:6 |     948 |     352 |  27.1 |      25 |      17 |  40.5
        D:7 |    1614 |    1024 |  38.8 |      42 |       5 |  10.6
        D:8 |    2807 |    1477 |  34.5 |      44 |       2 |   4.3
        D:9 |    2679 |       0 |   0.0 |      52 |       0 |   0.0
       D:10 |     406 |    1619 |  80.0 |       5 |       2 |  28.6
            +---------+---------+-------+---------+---------+-------
